[Event "Titled Tuesday Blitz August 08 Early 2023"]
[White "Kumsiashvili, Nikoloz"]
[Black "Moskvin, Anatoly"]
[WhiteFideId "13600621"]
[BlackFideId "24199990"]
[WhiteElo "2754"]
[BlackElo "2604"]
[Result "1-0"]
[Round "8"]
[TimeControl "180+1"]
[Date "2023.08.08"]
[WhiteClock "0:00:16"]
[BlackClock "0:00:04"]
[Board "36"]

1. Nf3 g6 2. d4 Bg7 3. c4 c5 4. d5 b5 5. cxb5 a6 6. b6 Nf6 7. Nc3 d6 8. e4 O-O 9. Be2 Nbd7 10. a4 a5 11. O-O Qxb6 12. Bb5 Ba6 13. Nd2 Qb7 14. Re1 Ne5 15. Qe2 e6 16. f4 Ned7 17. dxe6 fxe6 18. Nc4 Ne8 19. Qg4 Rf6 20. e5 dxe5 21. fxe5 Rf5 22. Nd6 Nxe5 23. Rxe5 Nxd6 24. Rxc5 Rxc5 25. Qxe6+ Kh8 26. Qxd6 Qa7 27. Be3 Rc6 28. Qf4 Qc7 29. Bxc6 Qxc6 30. Rc1 Rf8 31. Qh4 Qe6 32. Bd4 h5 33. Bxg7+ Kxg7 34. Qd4+ Kh7 35. h3 Rf7 36. Ne4 Bb7 37. Ng5+ 1-0


[Site "https://www.chess.com"]

[Event "Titled Tuesday Blitz August 08 Early 2023"]
[White "Adewumi, Tanitoluwa"]
[Black "Ismagilov, Damir"]
[WhiteFideId "30966396"]
[BlackFideId "34199982"]
[WhiteElo "2752"]
[BlackElo "2563"]
[Result "1-0"]
[Round "8"]
[TimeControl "180+1"]
[Date "2023.08.08"]
[WhiteClock "0:00:02"]
[BlackClock "0:00:03"]
[Board "37"]

1. e4 c5 2. Nf3 d6 3. Bb5+ Nd7 4. a4 Nf6 5. Nc3 g6 6. O-O Bg7 7. a5 a6 8. Be2 b5 9. axb6 Bb7 10. d3 O-O 11. Be3 Nxb6 12. Ra5 Nfd7 13. Qa1 Qc7 14. Re1 c4 15. d4 e6 16. Bf4 e5 17. dxe5 dxe5 18. Be3 Bc6 19. Nd2 Bb7 20. Qa2 Rac8 21. Ra1 h6 22. Na4 Kh7 23. Nxb6 Nxb6 24. Rc5 Qd6 25. Nxc4 Nxc4 26. Qxc4 f5 27. exf5 gxf5 28. Rd1 Qg6 29. f3 e4 30. f4 Rxc5 31. Qxc5 Rc8 32. Qe7 Rxc2 33. Rd2 Rxd2 34. Bxd2 e3 35. Qxb7 exd2 36. Qd5 Qb6+ 37. Kf1 Qxb2 38. Qxf5+ Kh8 39. Qc8+ Kh7 40. Bd3# 1-0


[Site "https://www.chess.com"]

[Event "Titled Tuesday Blitz August 08 Early 2023"]
[White "Martins, Bruno Andre Leite"]
[Black "Materia, Marco"]
[WhiteFideId "1942255"]
[BlackFideId "45150451"]
[WhiteElo "2575"]
[BlackElo "2749"]
[Result "0-1"]
[Round "8"]
[TimeControl "180+1"]
[Date "2023.08.08"]
[WhiteClock "0:00:40"]
[BlackClock "0:02:22"]
[Board "38"]

1. c4 e6 2. Nf3 d5 3. d4 Nf6 4. g3 Be7 5. Bg2 O-O 6. O-O c6 7. b3 b6 8. Bb2 Nbd7 9. Qc2 Bb7 10. Nc3 Ba6 11. Ne5 Nxe5 12. dxe5 Nd7 13. cxd5 cxd5 14. Rfd1 Rc8 15. e4 d4 16. Rxd4 Qc7 17. Qd1 Nxe5 18. Rc1 Qb7 19. Kh1 Rfd8 20. f4 Nd3 21. Rxd8+ Rxd8 22. e5 Nf2+ 23. Kg1 Nxd1 24. Bxb7 Bc5+ 0-1


[Site "https://www.chess.com"]

[Event "Titled Tuesday Blitz August 08 Early 2023"]
[White "Keleberda, Tymur"]
[Black "Wagner, Dennis"]
[WhiteFideId "14174294"]
[BlackFideId "24650684"]
[WhiteElo "2558"]
[BlackElo "2745"]
[Result "0-1"]
[Round "8"]
[TimeControl "180+1"]
[Date "2023.08.08"]
[WhiteClock "0:00:12"]
[BlackClock "0:00:12"]
[Board "39"]

1. e4 e5 2. Nf3 Nc6 3. Bc4 Nf6 4. d4 exd4 5. e5 d5 6. Bb5 Ne4 7. Nxd4 Bd7 8. Bxc6 bxc6 9. O-O Be7 10. f3 Nc5 11. Be3 O-O 12. f4 Rb8 13. Nb3 Ne4 14. N1d2 Bf5 15. Nxe4 Bxe4 16. Bxa7 Ra8 17. Bc5 Ra4 18. c3 Qd7 19. Be3 Rfa8 20. a3 Qf5 21. Nc5 Bxc5 22. Bxc5 h5 23. Qd2 Rb8 24. Rf2 Rb5 25. Be3 c5 26. Qd1 Rc4 27. a4 Rb8 28. a5 d4 29. Bd2 Rxb2 30. a6 dxc3 31. a7 Rxd2 32. a8=Q+ Bxa8 33. Rxa8+ Kh7 34. Rxd2 cxd2 35. Qxd2 Rxf4 36. h3 Rf1+ 37. Kh2 Qxe5+ 38. g3 Re1 39. Ra2 Re3 40. Qf2 c4 41. Rc2 c3 42. Kg2 Qe4+ 43. Kh2 Qf3 44. Qxf3 Rxf3 45. g4 h4 46. Kg2 Rg3+ 47. Kh2 Kg6 48. Rf2 f6 49. Rf5 Rd3 50. Rc5 Rd2+ 51. Kg1 c2 52. g5 Rd1+ 0-1


[Site "https://www.chess.com"]

[Event "Titled Tuesday Blitz August 08 Early 2023"]
[White "Jaracz, Pawel"]
[Black "Mmukka"]
[WhiteFideId "1102222"]
[WhiteElo "2745"]
[BlackElo "2504"]
[Result "1-0"]
[Round "8"]
[TimeControl "180+1"]
[Date "2023.08.08"]
[WhiteClock "0:02:09"]
[BlackClock "0:00:32"]
[Board "40"]

1. e4 c5 2. Nf3 e6 3. d4 cxd4 4. Nxd4 a6 5. Bd3 Bc5 6. Nb3 Ba7 7. c4 Nc6 8. O-O Nge7 9. Qe2 d6 10. Be3 O-O 11. Nc3 e5 12. Bxa7 Rxa7 13. Rfd1 Be6 14. Qe3 b6 15. Be2 Rd7 16. Rac1 f5 17. Nd5 f4 18. Qxb6 Qxb6 19. Nxb6 Rb7 20. Nd5 Bxd5 21. cxd5 Nb4 22. Na5 Rb6 23. a3 Na2 24. Rc2 Rfb8 25. b4 Nxb4 26. axb4 Rxb4 27. Nc6 Nxc6 28. dxc6 1-0


[Site "https://www.chess.com"]

[Event "Titled Tuesday Blitz August 08 Early 2023"]
[White "arenal72"]
[Black "Nazari, Arad"]
[BlackFideId "12577324"]
[WhiteElo "2504"]
[BlackElo "2742"]
[Result "0-1"]
[Round "8"]
[TimeControl "180+1"]
[Date "2023.08.08"]
[WhiteClock "0:00:15"]
[BlackClock "0:00:12"]
[Board "41"]

1. e4 e6 2. d4 d5 3. Nd2 Nf6 4. e5 Nfd7 5. f4 c5 6. c3 Nc6 7. Ndf3 Qb6 8. a3 f6 9. Bd3 Be7 10. Ne2 cxd4 11. cxd4 g5 12. exf6 Bxf6 13. fxg5 Bg7 14. b4 e5 15. b5 Ne7 16. dxe5 Nxe5 17. Nxe5 Bxe5 18. Bd2 O-O 19. Rf1 Rxf1+ 20. Kxf1 Bg4 21. Qc1 Rc8 22. Qb1 Rf8+ 23. Ke1 Qf2+ 24. Kd1 Rc8 25. Ra2 Qf1+ 26. Be1 Bc3 27. Rd2 Re8 28. Bxh7+ Kg7 29. Bd3 Nf5 30. Bxf5 Rxe2 31. Bxg4 Rxd2+ 0-1


[Site "https://www.chess.com"]

[Event "Titled Tuesday Blitz August 08 Early 2023"]
[White "Wong, Zhenyong Jayden"]
[Black "Fiorito, Joaquin"]
[WhiteFideId "5821975"]
[BlackFideId "180173"]
[WhiteElo "2497"]
[BlackElo "2741"]
[Result "0-1"]
[Round "8"]
[TimeControl "180+1"]
[Date "2023.08.08"]
[WhiteClock "0:02:21"]
[BlackClock "0:02:48"]
[Board "42"]

1. g3 d5 2. Nf3 Nf6 3. Bg2 c6 4. O-O Bg4 5. b3 Nbd7 6. Bb2 Bxf3 7. Bxf3 e5 8. d3 Bd6 9. e4 O-O 10. exd5 cxd5 11. Nd2 Re8 12. Re1 Bc5 13. d4 exd4 14. Rxe8+ Qxe8 15. Nf1 Ne5 16. Bg2 Nc6 17. Ba3 Bxa3 0-1


[Site "https://www.chess.com"]

[Event "Titled Tuesday Blitz August 08 Early 2023"]
[White "splendidkid"]
[Black "Devaev, Alexander"]
[BlackFideId "4169395"]
[WhiteElo "2739"]
[BlackElo "2476"]
[Result "1-0"]
[Round "8"]
[TimeControl "180+1"]
[Date "2023.08.08"]
[WhiteClock "0:00:50"]
[BlackClock "0:00:38"]
[Board "43"]

1. d4 Nf6 2. c4 e6 3. Nf3 Bb4+ 4. Bd2 Qe7 5. g3 b6 6. Bg2 Bb7 7. O-O Bxd2 8. Qxd2 O-O 9. Qc2 c5 10. d5 d6 11. Nc3 e5 12. e4 a6 13. a3 Nbd7 14. b4 Rfb8 15. Nd2 Bc8 16. f4 h6 17. Kh1 Ng4 18. Qd3 h5 19. Qe2 g6 20. Rae1 b5 21. Rb1 cxb4 22. axb4 Nb6 23. h3 Nf6 24. fxe5 Qxe5 25. Qf3 Nbd7 26. c5 dxc5 27. bxc5 b4 28. Na4 Kg7 29. c6 Nf8 30. Nc4 Qd4 31. Rbd1 Qxc4 32. Qxf6+ Kh6 33. Qh8+ Nh7 34. Rxf7 1-0


[Site "https://www.chess.com"]

[Event "Titled Tuesday Blitz August 08 Early 2023"]
[White "Rosenberg, Evan S"]
[Black "Shyam, Sundar M."]
[WhiteFideId "2019299"]
[BlackFideId "5019141"]
[WhiteElo "2452"]
[BlackElo "2729"]
[Result "1/2-1/2"]
[Round "8"]
[TimeControl "180+1"]
[Date "2023.08.08"]
[WhiteClock "0:00:08"]
[BlackClock "0:00:46"]
[Board "44"]

1. e4 e5 2. Nf3 Nc6 3. Nc3 Nf6 4. d4 exd4 5. Nxd4 Bb4 6. Nxc6 bxc6 7. Bd3 O-O 8. O-O d5 9. exd5 cxd5 10. Bg5 c6 11. Qf3 Bd6 12. Rae1 Rb8 13. Nd1 h6 14. Bxf6 Qxf6 15. Qxf6 gxf6 16. b3 Be6 17. Ne3 Bb4 18. Re2 Rfe8 19. Rd1 c5 20. Kf1 d4 21. Nf5 Bxf5 22. Bxf5 Bc3 23. Bd3 Kg7 24. Bc4 Re5 25. f4 Ree8 26. Rd3 f5 27. Kf2 Rxe2+ 28. Kxe2 Re8+ 29. Kf2 Re4 30. g3 Kf6 31. Rd1 Re8 32. Bd3 Re6 33. Bc4 Re4 34. Bd3 Ke6 35. Bc4+ Ke7 36. a4 f6 37. Kf3 Kd6 38. Bd3 Kd5 39. Bc4+ Kd6 40. Bd3 Re3+ 41. Kf2 Kc6 42. Bxf5 Kb6 43. Bd3 Ka5 44. Be2 Kb4 45. Bd3 Ka3 46. Rg1 Ba5 47. Rd1 Bc7 48. Re1 Rxe1 49. Kxe1 Kb2 50. Kd1 Ba5 51. Bc4 Bc7 52. Bd3 Bd6 53. Bc4 Kc3 54. Bd3 Bc7 55. Bc4 Bb6 56. Bd3 Ba5 57. Bc4 Kb2 58. Bd3 Bc3 59. Bc4 Ka3 60. Bd3 Ka2 61. Bc4 Ka1 62. Bd3 Bb2 63. Bc4 Kb1 64. Bd3 Ka1 65. Bc4 a5 66. Bd3 Ka2 67. Bc4 Kb1 68. Bd3 Bc1 69. Bc4 Kb2 70. Bd3 Be3 71. h3 Bf2 72. g4 Be3 73. f5 Bf2 74. Bc4 Bh4 75. Bd3 Kc3 76. Bc4 Bg5 77. Bd3 Kb4 78. Bc4 Bf4 79. Bd3 c4 80. Bxc4 Kc3 81. Bd3 Bg5 82. Bc4 Bh4 83. Bd3 Bg5 84. Bc4 Bh4 85. Bd3 Bg5 1/2-1/2


[Site "https://www.chess.com"]

[Event "Titled Tuesday Blitz August 08 Early 2023"]
[White "GaiozNigalidze"]
[Black "Alex_Sahakyan2006"]
[WhiteElo "2389"]
[BlackElo "2727"]
[Result "0-1"]
[Round "8"]
[TimeControl "180+1"]
[Date "2023.08.08"]
[WhiteClock "0:00:50"]
[BlackClock "0:01:09"]
[Board "45"]

1. c4 Nf6 2. Nf3 e6 3. g3 d5 4. Bg2 Be7 5. O-O O-O 6. b3 d4 7. Bb2 Nc6 8. d3 e5 9. Na3 Nd7 10. Nc2 a5 11. Nd2 Nc5 12. f4 Bg4 13. Nf3 exf4 14. gxf4 Ne6 15. Qd2 Bd6 16. Nfxd4 Ncxd4 17. Nxd4 Bc5 18. e3 Nxd4 19. exd4 Bxd4+ 20. Bxd4 Qxd4+ 21. Kh1 Rad8 22. Bxb7 Bf5 23. Bd5 Rxd5 24. cxd5 Be4+ 0-1


[Site "https://www.chess.com"]

[Event "Titled Tuesday Blitz August 08 Early 2023"]
[White "Aaditya Dhingra"]
[Black "Muradli, Mahammad"]
[WhiteFideId "25678191"]
[BlackFideId "13409301"]
[WhiteElo "2684"]
[BlackElo "2896"]
[Result "0-1"]
[Round "8"]
[TimeControl "180+1"]
[Date "2023.08.08"]
[WhiteClock "0:00:31"]
[BlackClock "0:00:20"]
[Board "47"]

1. d4 d6 2. c4 g6 3. Nc3 Bg7 4. Nf3 c5 5. d5 e6 6. g3 Ne7 7. Bg2 exd5 8. cxd5 a6 9. a4 O-O 10. O-O Nd7 11. Nd2 Rb8 12. Nc4 Nb6 13. Nxd6 Qxd6 14. Bf4 Be5 15. Ne4 Bxf4 16. Nxd6 Bxd6 17. Qb3 Nd7 18. e4 b5 19. f4 c4 20. Qc2 f6 21. Rae1 Bb7 22. Bh3 f5 23. axb5 axb5 24. exf5 Nxf5 25. Qe4 Nc5 26. Qf3 Nd3 27. Re6 Bc5+ 28. Kh1 Nd4 29. Qe4 Rbd8 30. Rxg6+ Kh8 31. Rg5 Rfe8 32. Qg2 Re2 33. Qg1 Rxd5 34. Bg2 Rxg5 35. Bxb7 Rh5 36. Ra1 Nf2+ 37. Kg2 Nh3+ 0-1


[Site "https://www.chess.com"]

[Event "Titled Tuesday Blitz August 08 Early 2023"]
[White "Demchenko, Anton"]
[Black "Matinian, Nikita"]
[WhiteFideId "4160258"]
[BlackFideId "24129100"]
[WhiteElo "2888"]
[BlackElo "2678"]
[Result "1-0"]
[Round "8"]
[TimeControl "180+1"]
[Date "2023.08.08"]
[WhiteClock "0:00:15"]
[BlackClock "0:00:00"]
[Board "48"]

1. e4 c5 2. Nc3 Nc6 3. Bb5 Nd4 4. a4 g6 5. Nge2 Bg7 6. d3 Nf6 7. O-O O-O 8. Nxd4 cxd4 9. Ne2 d5 10. exd5 Nxd5 11. Re1 e5 12. Bc4 Be6 13. a5 Rc8 14. Bd2 Re8 15. Qb1 h5 16. Qa2 h4 17. h3 Kh7 18. Qb3 Rc7 19. Kh1 Bh6 20. Bxh6 Kxh6 21. Ng1 Nf4 22. Bxe6 Rxe6 23. Ne2 Qf6 24. Nxf4 Qxf4 25. Re2 Rce7 26. f3 f5 27. Qc4 g5 28. Rae1 Kh7 29. b4 Qg3 30. Qd5 a6 31. Rf1 Kg7 32. Ref2 Qf4 33. b5 axb5 34. Qxb5 Qg3 35. Qd5 Kh7 36. Re2 Kg7 37. Ref2 Kh7 38. Kg1 Kg7 39. Rb1 g4 40. fxg4 fxg4 41. Qd8 gxh3 42. Qf8+ Kh7 43. Rbf1 Rg7 44. Qf5+ Reg6 45. Qh5+ Rh6 46. Qf5+ Qg6 47. Qxh3 Qg3 48. Rf3 Qxh3 49. Rxh3 Rc7 50. Rf2 Kg6 51. Rhf3 1-0


[Site "https://www.chess.com"]

[Event "Titled Tuesday Blitz August 08 Early 2023"]
[White "Nagare Kaivalya Sandip"]
[Black "Narayanan, Srinath"]
[WhiteFideId "25957929"]
[BlackFideId "5018420"]
[WhiteElo "2673"]
[BlackElo "2861"]
[Result "1-0"]
[Round "8"]
[TimeControl "180+1"]
[Date "2023.08.08"]
[WhiteClock "0:00:16"]
[BlackClock "0:00:15"]
[Board "49"]

1. e4 c5 2. Nf3 d6 3. d4 cxd4 4. Nxd4 Nf6 5. Nc3 Nc6 6. Bg5 e6 7. Qd2 a6 8. O-O-O Be7 9. f3 O-O 10. h4 Nxd4 11. Qxd4 b5 12. Kb1 Bb7 13. Qd2 Rc8 14. Bd3 Re8 15. g4 Nd7 16. Ne2 Ne5 17. Nd4 Qb6 18. Be3 Qc7 19. g5 d5 20. exd5 Bxd5 21. h5 Nxd3 22. Qxd3 Qc4 23. Qxc4 Rxc4 24. g6 fxg6 25. hxg6 hxg6 26. Rhg1 Kf7 27. f4 Be4 28. Rge1 Bf6 29. Rd2 Rec8 30. Ka1 Bxc2 31. Nxc2 Rxc2 32. Kb1 Rxd2 33. Bxd2 Rc4 34. Rh1 Re4 35. Rh8 Re2 36. Bc1 Re1 37. Kc2 Re4 38. b3 Re2+ 39. Bd2 g5 40. Kd3 Rg2 41. fxg5 Bxg5 42. Bxg5 Rxg5 43. Ra8 Rf5 44. Rxa6 g5 45. a4 bxa4 46. Rxa4 Rf3+ 47. Kc2 Kf6 48. b4 Rf4 49. Kb3 g4 50. Ra1 Ke7 51. b5 Kd6 52. Rc1 Rf7 53. Kb4 Ke5 54. b6 g3 55. Rg1 Rg7 56. Kc5 Kf4 57. Kc6 e5 58. b7 Rg8 59. Rf1+ Ke3 60. Re1+ Kf2 61. Rxe5 g2 62. Rf5+ Ke2 63. Re5+ Kd2 64. Rd5+ Kc2 65. Rc5+ Kd3 66. Rc1 Kd2 67. Rg1 Rg6+ 68. Kb5 Rg5+ 69. Ka6 Rg6+ 70. Ka7 Rg7 71. Ka8 Ke3 72. b8=Q Kf2 73. Qb6+ Kg3 74. Qe3+ Kh2 75. Qh6+ Kxg1 76. Qxg7 Kh1 77. Qh6+ Kg1 78. Kb7 Kf1 79. Qf4+ Ke2 80. Qg3 Kf1 81. Qf3+ Kg1 82. Kc6 Kh2 83. Qf2 Kh1 84. Qh4+ Kg1 85. Kd5 Kf1 86. Qf4+ Ke2 87. Qg3 Kf1 88. Qf3+ Kg1 89. Ke4 Kh2 90. Qf2 Kh1 91. Qh4+ Kg1 92. Kf3 Kf1 93. Qf2# 1-0


[Site "https://www.chess.com"]

[Event "Titled Tuesday Blitz August 08 Early 2023"]
[White "Pranav Anand"]
[Black "Goroshkov, Maksym"]
[WhiteFideId "46626786"]
[BlackFideId "14142716"]
[WhiteElo "2856"]
[BlackElo "2659"]
[Result "1-0"]
[Round "8"]
[TimeControl "180+1"]
[Date "2023.08.08"]
[WhiteClock "0:00:39"]
[BlackClock "0:00:13"]
[Board "50"]

1. Nf3 Nf6 2. c4 g6 3. g3 Bg7 4. Bg2 O-O 5. O-O d6 6. d3 c5 7. Nc3 Nc6 8. a3 e5 9. Bg5 h6 10. Bxf6 Bxf6 11. Ne1 Bg7 12. Nc2 Nd4 13. Ne3 Rb8 14. Ned5 b5 15. b4 bxc4 16. dxc4 f5 17. Qa4 e4 18. Rab1 a6 19. e3 Nf3+ 20. Bxf3 exf3 21. bxc5 Rxb1 22. Rxb1 dxc5 23. Qc6 Kh7 24. Rb6 Qe8 25. Qxe8 Rxe8 26. Na4 Re4 27. Rb1 Rxc4 28. Nab6 Be6 29. Nxc4 Bxd5 30. Nd6 c4 31. Rd1 Be6 32. Rc1 c3 33. Nb7 Bc4 34. Nc5 a5 35. Na4 c2 36. Nc5 a4 37. Rxc2 Bb3 38. Nxb3 axb3 39. Rc7 Kg8 40. Rb7 b2 41. a4 Bc3 42. a5 Bxa5 43. Rxb2 Kf7 44. Rb5 Bc3 45. h3 h5 46. g4 hxg4 47. hxg4 fxg4 48. Kh2 Kf6 49. Kg3 Be1 50. Rd5 g5 51. Rd1 Bxf2+ 52. Kxf2 Kf5 53. Rg1 Kg6 54. Rxg4 Kh5 55. Kxf3 Kg6 56. e4 Kf6 57. Ke3 Ke5 58. Kd3 1-0


[Site "https://www.chess.com"]

[Event "Titled Tuesday Blitz August 08 Early 2023"]
[White "Rustemov, Alexander"]
[Black "Sagita, Catur Adi"]
[WhiteFideId "4119002"]
[BlackFideId "7104618"]
[WhiteElo "2822"]
[BlackElo "2658"]
[Result "1-0"]
[Round "8"]
[TimeControl "180+1"]
[Date "2023.08.08"]
[WhiteClock "0:00:55"]
[BlackClock "0:00:01"]
[Board "51"]

1. d4 Nf6 2. c4 e6 3. Nf3 b6 4. a3 Bb7 5. Nc3 Be7 6. Qc2 d5 7. cxd5 Nxd5 8. Bd2 O-O 9. e4 Nxc3 10. Bxc3 Nd7 11. Rd1 Qc8 12. Bc4 c5 13. d5 exd5 14. exd5 Bf6 15. O-O a6 16. a4 Re8 17. Qb3 Bxc3 18. bxc3 Rf8 19. Rfe1 Qb8 20. d6 Bxf3 21. gxf3 Kh8 22. Re7 Qd8 23. Bxf7 Nf6 24. Qe6 b5 25. axb5 axb5 26. Rc7 b4 27. Rxc5 Ra7 28. Bh5 bxc3 29. Bg4 c2 30. Rxc2 Ra5 31. d7 h5 32. Rc8 1-0


[Site "https://www.chess.com"]

[Event "Titled Tuesday Blitz August 08 Early 2023"]
[White "JeRoma71"]
[Black "Sakun, Volodymyr"]
[BlackFideId "14114062"]
[WhiteElo "2816"]
[BlackElo "2653"]
[Result "0-1"]
[Round "8"]
[TimeControl "180+1"]
[Date "2023.08.08"]
[WhiteClock "0:00:00"]
[BlackClock "0:00:04"]
[Board "52"]

1. a3 e5 2. b4 d5 3. Bb2 f6 4. e3 Be6 5. Nf3 Bd6 6. d4 e4 7. Nfd2 Ne7 8. c4 c6 9. Nc3 O-O 10. Qb3 Bf7 11. a4 f5 12. g3 Nd7 13. c5 Bc7 14. b5 Nf6 15. Be2 Bh5 16. Qd1 Bxe2 17. Qxe2 Kh8 18. Nb3 g6 19. a5 a6 20. bxc6 Nxc6 21. O-O Nxa5 22. Nxa5 Bxa5 23. Rfb1 Bc7 24. Ba3 Ba5 25. Na4 Rf7 26. Nb6 Rb8 27. Bc1 Bxb6 28. Rxb6 Nd7 29. Rd6 Qc7 30. Bd2 Nf6 31. Ba5 Qe7 32. Rb1 Qe8 33. Qb2 Kg7 34. h3 Rc8 35. Qa2 Rc6 36. Rxf6 Kxf6 37. Qxd5 Qe6 38. Qd8+ Qe7 39. d5 Rxc5 40. Rxb7 Qxd8 41. Bxd8+ Kg7 42. Rb8 Rxd5 43. Bb6 Rd1+ 44. Kg2 Rfd7 45. Ra8 Ra1 46. Bd4+ Rxd4 47. exd4 Kf7 48. Ra7+ Ke6 49. Rxh7 Ra4 50. Rg7 Kf6 51. Rd7 Ke6 52. Ra7 Rxd4 53. Rxa6+ Rd6 54. Ra5 Kf6 55. g4 f4 56. g5+ Ke6 57. h4 Rd2 58. Ra6+ Kf5 59. Rf6+ Kg4 60. Rxg6 e3 61. Re6 Rxf2+ 62. Kg1 Kf3 63. g6 Rg2+ 64. Kh1 e2 65. h5 Rg4 66. Re5 Kf2 0-1


[Site "https://www.chess.com"]

[Event "Titled Tuesday Blitz August 08 Early 2023"]
[White "Mikhailovsky, Vladimir"]
[Black "Weishaeutel, Moritz"]
[WhiteFideId "34105414"]
[BlackFideId "12967300"]
[WhiteElo "2802"]
[BlackElo "2650"]
[Result "1-0"]
[Round "8"]
[TimeControl "180+1"]
[Date "2023.08.08"]
[WhiteClock "0:01:09"]
[BlackClock "0:01:04"]
[Board "53"]

1. d4 Nf6 2. c4 c5 3. d5 b5 4. cxb5 a6 5. e3 axb5 6. Bxb5 Qa5+ 7. Nc3 Bb7 8. Bd2 Qb6 9. e4 Nxe4 10. a4 Nf6 11. f3 Nxd5 12. Nxd5 Bxd5 13. Bc3 e6 14. Ne2 Bc6 15. Bxc6 Nxc6 16. O-O d5 17. Nf4 d4 18. Bd2 Bd6 19. Nh5 O-O 20. Qc2 d3 21. Qc4 Ne5 22. Qc3 Ng6 23. Qxg7# 1-0


[Site "https://www.chess.com"]

[Event "Titled Tuesday Blitz August 08 Early 2023"]
[White "Goltsev, Dmitry"]
[Black "Sethuraman, S.P."]
[WhiteFideId "24176710"]
[BlackFideId "5021596"]
[WhiteElo "2640"]
[BlackElo "2788"]
[Result "0-1"]
[Round "8"]
[TimeControl "180+1"]
[Date "2023.08.08"]
[WhiteClock "0:00:00"]
[BlackClock "0:00:05"]
[Board "54"]

1. e4 c5 2. Nf3 d6 3. d4 cxd4 4. Nxd4 Nf6 5. Nc3 e6 6. Be2 Be7 7. O-O O-O 8. Be3 a6 9. f4 b5 10. Bf3 Nfd7 11. e5 d5 12. Nxd5 exd5 13. Bxd5 Ra7 14. e6 Nb6 15. exf7+ Kh8 16. Bb3 Bc5 17. c3 Nc4 18. Bf2 Raxf7 19. g3 Qb6 20. Qh5 Nd7 21. Bc2 Nf6 22. Qh4 Bb7 23. Rae1 Bxd4 24. Bxd4 Qc6 25. Qh3 Qh1+ 26. Kf2 Ng4+ 27. Ke2 Qxh2+ 28. Qxh2 Nxh2 29. Rh1 Bf3+ 30. Kf2 Bxh1 31. Rxh1 Ng4+ 32. Kf3 Nf6 33. g4 Nd2+ 34. Ke3 Nc4+ 35. Kf3 Nd2+ 36. Ke3 Nfe4 37. Be5 Nc4+ 38. Kxe4 Nxe5 39. Kxe5 Re8+ 40. Kd5 h6 41. g5 Rxf4 42. gxh6 g5 43. Kc6 g4 44. h7 g3 45. Rg1 Rg4 46. Kb6 Re6+ 47. Ka5 Rf6 48. b3 g2 49. Bd3 Rg3 50. Be4 Rf2 51. Kxa6 Rxa2+ 52. Kxb5 Re2 53. Kc4 Rxe4+ 54. Kd5 Rf4 55. b4 Rf1 56. Rxg2 Rxg2 57. Kc6 Rg6+ 58. Kb5 Rg7 59. c4 Kxh7 60. c5 Rf4 61. Ka5 Rc7 62. Kb6 Rff7 63. b5 Rb7+ 64. Ka6 Ra7+ 65. Kb6 Rfb7+ 66. Kc6 Rc7+ 67. Kd6 Kg7 68. b6 Rd7+ 69. Kc6 Rab7 70. Kb5 Kf7 71. c6 Rd5+ 72. Ka6 Rxb6+ 73. Kxb6 Ke7 74. c7 Kd7 75. Kb7 Rc5 76. c8=Q+ Rxc8 0-1


[Site "https://www.chess.com"]

[Event "Titled Tuesday Blitz August 08 Early 2023"]
[White "Komov, Roman"]
[Black "Lysyj, Igor"]
[WhiteFideId "24175714"]
[BlackFideId "4150120"]
[WhiteElo "2626"]
[BlackElo "2777"]
[Result "0-1"]
[Round "8"]
[TimeControl "180+1"]
[Date "2023.08.08"]
[WhiteClock "0:00:07"]
[BlackClock "0:00:05"]
[Board "55"]

1. e4 e5 2. Bc4 Nf6 3. Nc3 Bc5 4. d3 c6 5. Nf3 d6 6. Bg5 Nbd7 7. O-O h6 8. Bh4 Nf8 9. d4 exd4 10. Nxd4 Ng6 11. Bg3 O-O 12. Nb3 Bb4 13. f3 Nh5 14. Ne2 Nxg3 15. Nxg3 Ne5 16. Be2 d5 17. f4 Nc4 18. Qc1 Qb6+ 19. Kh1 Ne3 20. Rf3 Ng4 21. Qf1 dxe4 22. Nxe4 Be6 23. Rg3 f5 24. Bc4 Bxc4 25. Qxc4+ Kh8 26. h3 fxe4 27. Rxg4 e3 28. c3 Be7 29. Re1 Bf6 30. Qc5 Rfe8 31. Qh5 e2 32. Nd4 Bxd4 33. cxd4 Qb4 34. Qh4 Qxd4 35. f5 Qe5 36. f6 Qxf6 37. Qxf6 gxf6 38. Kg1 Rad8 39. Kf2 Rd2 40. Rg6 Re6 41. Rxh6+ Kg7 42. Rh4 Rxb2 43. a4 a5 44. Rg4+ Kf7 45. Rf4 b5 46. axb5 cxb5 47. Rd4 a4 48. Rd7+ Re7 49. Rd6 a3 50. Ra6 b4 51. h4 a2 52. h5 b3 53. h6 Kg6 54. h7 Kxh7 55. g4 Kg7 56. g5 fxg5 57. Kg3 Rb1 58. Kf2 Rxe1 59. Kxe1 b2 60. Kf2 e1=Q+ 61. Kg2 Qe2+ 62. Kh3 Qxa6 63. Kg4 Qc4+ 64. Kh5 Qe2+ 65. Kxg5 Re5+ 66. Kf4 Qe3+ 67. Kg4 Rg5+ 68. Kh4 Qg3# 0-1


[Site "https://www.chess.com"]

[Event "Titled Tuesday Blitz August 08 Early 2023"]
[White "Cherniaiev, Tykhon"]
[Black "Tregubov, Pavel V."]
[WhiteFideId "14182360"]
[BlackFideId "4115341"]
[WhiteElo "2775"]
[BlackElo "2624"]
[Result "1/2-1/2"]
[Round "8"]
[TimeControl "180+1"]
[Date "2023.08.08"]
[WhiteClock "0:00:05"]
[BlackClock "0:00:05"]
[Board "56"]

1. Nf3 Nf6 2. d4 e6 3. c4 Bb4+ 4. Bd2 Qe7 5. g3 Bxd2+ 6. Qxd2 Nc6 7. Bg2 Ne4 8. Qc2 Qb4+ 9. Nc3 Nxc3 10. Qxc3 Qxc3+ 11. bxc3 Na5 12. c5 Rb8 13. O-O b6 14. cxb6 cxb6 15. Nd2 Ba6 16. Rfe1 Rc8 17. Rac1 Ke7 18. e4 Rc7 19. Nb3 Nc4 20. Bf1 Rhc8 21. Bxc4 Rxc4 22. Re3 Ra4 23. Rc2 Bc4 24. f4 Bxb3 25. axb3 Rxd4 26. Ra2 Rd1+ 27. Kg2 a5 28. c4 Kd6 29. Kf3 Kc5 30. Ke2 Rd4 31. Kf3 Ra8 32. h4 h5 33. Ra4 f6 34. b4+ Kc6 35. Rc3 Kb7 36. Ke3 e5 37. fxe5 fxe5 38. Kf3 b5 39. cxb5 Rxb4 40. Ra1 a4 41. Rd1 Rd4 42. Rdc1 a3 43. Ra1 a2 44. Rc2 Rda4 45. Rd2 Kb6 46. Rxd7 Kxb5 47. Rxg7 Ra3+ 48. Kg2 Rb3 49. Rb7+ Kc4 50. Rc1+ Kd4 51. Rxb3 a1=Q 52. Rxa1 Rxa1 53. Kf3 Rf1+ 54. Kg2 Re1 55. Rb4+ Ke3 56. Rb8 Re2+ 57. Kh3 Kxe4 58. Rh8 Re1 59. Rxh5 Kd3 60. Rh8 e4 61. Rd8+ Kc3 62. Kg4 Rf1 63. h5 e3 64. Re8 Kd2 65. Kg5 e2 66. Kg6 Rg1 67. h6 Rxg3+ 68. Kf7 Rf3+ 69. Kg7 Rg3+ 70. Kf7 Rf3+ 71. Kg7 Re3 72. Rxe3 Kxe3 73. h7 e1=Q 74. h8=Q Qc3+ 75. Kh7 Qxh8+ 76. Kxh8 1/2-1/2


[Site "https://www.chess.com"]

[Event "Titled Tuesday Blitz August 08 Early 2023"]
[White "Vaibhav Jayant Raut"]
[Black "Zelbel, Patrick"]
[WhiteFideId "5089034"]
[BlackFideId "24624322"]
[WhiteElo "2624"]
[BlackElo "2770"]
[Result "0-1"]
[Round "8"]
[TimeControl "180+1"]
[Date "2023.08.08"]
[WhiteClock "0:00:09"]
[BlackClock "0:00:07"]
[Board "57"]

1. c4 e5 2. g3 h5 3. h4 Nf6 4. Bg2 d5 5. cxd5 Nxd5 6. Nf3 Nc6 7. O-O Be7 8. d4 exd4 9. Nxd4 Nxd4 10. Qxd4 Nf6 11. Qa4+ c6 12. Qb3 O-O 13. Rd1 Qb6 14. Be3 Qxb3 15. axb3 Be6 16. Nd2 Rfd8 17. Bxa7 Bb4 18. Be3 Rxa1 19. Rxa1 Bxd2 20. Bb6 Re8 21. Ra7 Bxb3 22. Rxb7 Bd5 23. e3 Bxg2 24. Kxg2 Re4 25. Bd4 Re6 26. Rb8+ Kh7 27. Rb7 Kg6 28. b4 Nd5 29. b5 cxb5 30. Rxb5 Ne7 31. Rg5+ Kh6 32. Bxg7+ Kh7 33. Bd4 f6 34. Rxh5+ Kg6 35. Rb5 Ng8 36. h5+ Kf7 37. g4 Nh6 38. Kf3 Be1 39. Bc5 Rc6 40. Rb7+ Kg8 41. Rb8+ Kf7 42. Rb7+ Kg8 43. Bd4 Ba5 44. Rb8+ Kf7 45. Rh8 Kg7 46. Ra8 Bc3 47. g5 Nf7 48. h6+ Kh7 49. Ra7 Kg6 50. gxf6 Bxd4 51. exd4 Nxh6 52. Ke4 Rxf6 53. Kd5 Rxf2 54. Kc6 Nf7 55. d5 Rc2+ 56. Kd7 Rd2 57. Ra5 Kf6 58. Kc6 Ne5+ 59. Kb6 Nc4+ 60. Kc5 Nxa5 61. Kb4 Ke5 62. Kc3 Rxd5 63. Kb4 Kd6 64. Ka3 Rb5 65. Ka4 Rb8 66. Kxa5 Kc5 67. Ka6 Rb2 68. Ka7 Kc6 69. Ka6 Ra2# 0-1


[Site "https://www.chess.com"]